 Dungeon Crawl Stone Soup version 0.31.0-32-g396128a36d (webtiles) character file.

Game seed: 5326695355663282700

4722 wolfgang the Blocker (level 10, -1/77 HPs)
             Began as a Formicid Fighter on Mar 24, 2024.
             Was an Elder of Makhleb.
             Shot with an arrow by a centaur (7 damage)
             ... on level 8 of the Dungeon.
             The game lasted 00:48:15 (7119 turns).

wolfgang the Blocker (Formicid Fighter)             Turns: 7119, Time: 00:48:16

Health: -1/77      AC: 20    Str: 25    XL:     10   Next: 73%
Magic:  10/10      EV:  8    Int:  8    God:    Makhleb [****..]
Gold:   1159       SH:  6    Dex: 13    Spells: 9/9 levels left

rFire   + . .        D - +6 hammer of the Riding Gods {speed, rF+}
rCold   . . .        c - +0 buckler
rNeg    . . .        d - +0 plate armour
rPois   +            (helmet unavailable)
rElec   .            C - +0 cloak
rCorr   .            (no gloves)
SInv    +            k - +0 pair of boots
Will    +....        (no amulet)
Stlth   x              - +4 ring of protection
HPRegen 0.32/turn    r - ring of poison resistance
MPRegen 0.12/turn

%: no passive effects
@: no status effects
A: permanent stasis, dig shafts and tunnels, antennae 3, four strong arms
a: Dig, Shaft Self, Renounce Religion, Minor Destruction, Lesser Servant of
Makhleb, Major Destruction


You were on level 8 of the Dungeon.
You worshipped Makhleb.
Makhleb was greatly pleased with you.
You visited 1 branch of the dungeon, and saw 8 of its levels.
You also visited: Bailey.

You collected 1159 gold pieces.

Inventory:

Hand Weapons
 a - a +0 trident
 e - a +1 dagger of flaming
 g - a +3 sling of electrocution
 h - a +1 dagger of flaming
 m - a +2 spear of venom
 B - a +3 quarterstaff of chaos
 D - the +6 hammer of the Riding Gods (weapon) {speed, rF+}
   (You found it on level 5 of the Dungeon)

   rF+:       It protects you from fire.
 E - a +2 hammer of holy wrath
 F - a +1 dagger of draining
Armour
 c - a +0 buckler (worn)
 d - a +0 plate armour (worn)
 k - a +0 pair of boots (worn)
 C - a +0 cloak (worn)
 I - a scarf of harm
Jewellery
 q - a ring of ice
 r - a ring of poison resistance (right hand)
 x - a +4 ring of protection (left hand)
Talismans
 t - a beast talisman
Wands
 o - a wand of charming (9)
 u - a wand of flame (25)
 y - a wand of polymorph (7)
 L - a wand of mindburst (8)
 O - a wand of iceblast (9)
 P - a wand of quicksilver (15)
Scrolls
 f - 3 scrolls of noise {unknown}
 i - 2 scrolls of vulnerability {unknown}
 j - 3 scrolls of teleportation {unknown}
 l - 7 scrolls of identify {unknown}
 n - a scroll of torment {unknown}
 v - a scroll of poison {unknown}
 z - 3 scrolls of fog {unknown}
 A - 2 scrolls of immolation {unknown}
 H - a scroll of fear {unknown}
 K - a scroll of amnesia {unknown}
 Q - a scroll of acquirement {unknown}
Potions
 b - 2 potions of heal wounds {unknown}
 p - 4 potions of curing {unknown}
 s - 2 potions of berserk rage {unknown}
 w - a potion of degeneration {unknown}
 G - 3 potions of cancellation {unknown}
 J - 2 potions of enlightenment {unknown}
 M - a potion of magic {unknown}
 N - a potion of haste {unknown}


   Skills:
 + Level 6.8 Fighting
 + Level 7.8 Maces & Flails
 + Level 6.4 Polearms
 + Level 7.9 Armour
 + Level 3.9 Dodging
 + Level 1.0 Stealth
 + Level 8.4 Shields


You had 9 spell levels left.
You didn't know any spells.
Your spell library contained the following spells:

 Spells                   Type           Power      Damage    Failure   Level
 Necrotise                Necr           0%         1d4       99%         1
 Call Imp                 Summ           0%         N/A       100%        2
 Ensorcelled Hibernation  Hex/Ice        0%         N/A       100%        2
 Lesser Beckoning         Tloc           0%         N/A       100%        2
 Sublimation of Blood     Necr           0%         N/A       100%        2
 Fugue of the Fallen      Necr           0%         N/A       100%        3
 Gell's Gravitas          Tloc           0%         N/A       100%        3
 Hailstorm                Conj/Ice       0%         3d5       100%        3
 Ozocubu's Armour         Ice            0%         N/A       100%        3
 Summon Ice Beast         Ice/Summ       0%         N/A       100%        3
 Teleport Other           Tloc           0%         N/A       100%        3
 Tukima's Dance           Hex            0%         N/A       100%        3
 Vampiric Draining        Necr           0%         2d6       100%        3
 Anguish                  Hex/Necr       0%         N/A       100%        4
 Dimensional Bullseye     Hex/Tloc       0%         N/A       100%        4
 Iskenderun's Mystic Bla  Conj/Tloc      0%         2d3       100%        4
 Martyr's Knell           Necr/Summ      0%         N/A       100%        4
 Curse of Agony           Necr           0%         N/A       100%        5
 Metabolic Englaciation   Hex/Ice        0%         N/A       100%        5
 Sculpt Simulacrum        Ice/Alch       0%         N/A       100%        6
 Summon Hydra             Summ           0%         N/A       100%        7


Dungeon Overview and Level Annotations

Branches:
Dungeon (8/15)             Temple (0/1) D:5          Bailey (visited)
   Lair: D:8-11

Altars:
Ashenzari
Cheibriados
Dithmenos
Elyvilon
Hepliaklqana
Makhleb
Qazlal
Zin

Shops:
D:3 *


Innate Abilities, Weirdness & Mutations

You cannot be hasted, slowed, berserked, paralysed or teleported.
You can dig through walls and to a lower floor.
You have a pair of large antennae on your head. (SInv)
Your four strong arms can wield two-handed weapons with a shield.


Message History

You closely miss the centaur.
The centaur is almost dead.
The centaur hits you.
* * * LOW HITPOINT WARNING * * *
The centaur kicks you but does no damage.
You sock the centaur!
You kill the centaur!
Makhleb accepts your kill.
You feel better.
The centaur shoots an arrow.
The arrow hits you!
* * * LOW HITPOINT WARNING * * *
The centaur wields a +2 shortbow of draining.
You sense an unholy aura.
The centaur shoots an arrow.
The arrow barely misses you.
The centaur unwields a +0 shortbow.
The centaur hits you but does no damage.
The centaur kicks you but does no damage.
The gnoll hits you from afar with a +2 vampiric halberd.
* * * LOW HITPOINT WARNING * * *
The centaur unwields a +2 shortbow of draining.
The centaur closely misses you.
The centaur kicks you but does no damage.
The centaur hits you but does no damage.
The centaur kicks you but does no damage.
Items here: $ ))) [[ †††††.
The centaur wields a +2 shortbow of draining.
You sense an unholy aura.
The centaur shoots an arrow.
The arrow closely misses you.
Things that are here:
a +0 short sword; a +0 robe; a wyvern corpse The centaur wields a +0 shortbow.
The centaur shoots an arrow.
The arrow hits you but does no damage.
The centaur shoots an arrow.
You block the arrow.
The centaur shoots an arrow.
You block the arrow.
The centaur shoots an arrow.
The arrow barely misses you.
The centaur shoots an arrow.
The arrow hits you but does no damage.
The centaur shoots an arrow.
The arrow hits you but does no damage.
The centaur shoots an arrow.
The arrow hits you.
* * * LOW HITPOINT WARNING * * *
The centaur shoots an arrow.
The arrow hits you!
You die...

##### #...###### ######
#.#......# .....#
#...####.# #.#.... ##.##
#.# ....... #.# #.#
....≈~≈
#.#####@######cg.≈≈~≈
#....##.....)cgg.~~♣
#######.##########..≈≈~≈
#.......# ##### ,..≈~≈
#.####..# #...# ....
#.##....# #...# ,...
#.##.#.## #...# ..
#....).# #...# .
####.### #...#
♣♣.......♣


You could see a centaur (corroded) and a gnoll.

Vanquished Creatures
  6 yaks (D:8)
  Sigmund (D:5)
  Eustachio (D:6)
  A wyvern (D:8)
  2 steam dragons
  Duvessa (D:6)
  A water moccasin (D:6)
  A black bear (D:4)
  An ice beast (D:5)
  3 orc warriors (Bailey)
  A sky beast (D:7)
  2 ogres
  4 centaurs
  2 bullfrogs (D:7)
  7 kobold brigands
  A scorpion (D:6)
  Dowan (D:6)
  4 wights
  3 killer bees (D:6)
  A howler monkey (D:7)
  A bombardier beetle (D:6)
  A jelly (D:7)
  4 orc priests
  5 hounds
  Crazy Yiuf (D:5)
  3 iguanas
  4 sleepcaps
  A gnoll bouda (D:4)
  4 orc wizards
  4 gnolls (D:4)
  2 adders
  4 dart slugs
  A ribbon worm (D:2)
  22 orcs
  10 endoplasms
  6 giant cockroaches
  12 goblins
  3 hobgoblins
  16 kobolds
  3 quokkas
  13 ball pythons
  10 bats
  A frilled lizard (D:2)
  2 rats (D:1)
177 creatures vanquished.

Notes
Turn   | Place    | Note
-------+----------+-------------------------------------------
     0 | D:1      | wolfgang the Formicid Fighter began the quest for the Orb.
     0 | D:1      | Reached XP level 1. HP: 18/18 MP: 1/1
    75 | D:1      | Reached XP level 2. HP: 21/24 MP: 2/2
   289 | D:1      | Reached XP level 3. HP: 29/29 MP: 3/3
   374 | D:1      | Found a faded altar of an unknown god.
   383 | D:1      | Prayed at the altar of an unknown god.
   383 | D:1      | Became a worshipper of Makhleb the Destroyer
   383 | D:1      | Reached * piety under Makhleb
  1374 | D:2      | Reached XP level 4. HP: 37/37 MP: 4/4
  1909 | D:3      | Found Zin's Purification Station.
  1915 | D:3      | Found a glowing silver altar of Zin.
  2374 | D:3      | Reached ** piety under Makhleb
  2595 | D:4      | Found a shadowy altar of Dithmenos.
  2595 | D:4      | Found a broken altar of Ashenzari.
  2631 | D:4      | Reached XP level 5. HP: 42/42 MP: 5/5
  2658 | D:4      | Reached skill level 1 in Dodging
  2822 | D:4      | Reached XP level 6. HP: 41/48 MP: 6/6
  2842 | D:4      | HP: 2/48 [orc priest/divine providence (13)]
  3062 | D:4      | Reached skill level 5 in Shields
  3081 | D:4      | Reached XP level 7. HP: 47/54 MP: 7/7
  3307 | D:4      | Reached skill level 5 in Armour
  3473 | D:4      | Reached skill level 5 in Polearms
  3687 | D:5      | Entered Level 5 of the Dungeon
  3723 | D:5      | Found a staircase to the Ecumenical Temple.
  3796 | D:5      | Noticed Sigmund
  3814 | D:5      | Killed Sigmund
  3815 | D:5      | Reached XP level 8. HP: 61/61 MP: 8/8
  4218 | D:5      | Found a runed translucent door.
  4219 | D:5      | Noticed Crazy Yiuf
  4230 | D:5      | Killed Crazy Yiuf
  4247 | D:5      | Identified the +6 hammer of the Riding Gods {speed, rF+}
  4407 | D:6      | Reached skill level 5 in Fighting
  4407 | D:6      | Reached skill level 1 in Stealth
  4418 | D:6      | Reached skill level 1 in Maces & Flails
  4447 | D:6      | Noticed Duvessa
  4448 | D:6      | Noticed Dowan
  4457 | D:6      | Killed Duvessa
  4457 | D:6      | Reached *** piety under Makhleb
  4465 | D:6      | Killed Dowan
  4592 | D:6      | Reached skill level 6 in Shields
  4718 | D:6      | Noticed Eustachio
  4742 | D:6      | Killed Eustachio
  4743 | D:6      | Reached XP level 9. HP: 64/68 MP: 9/9
  4823 | D:6      | Found a hazy altar of Hepliaklqana.
  4824 | D:6      | Found a stormy altar of Qazlal.
  4825 | D:6      | Found a snail-covered altar of Cheibriados.
  4826 | D:6      | Found a burning altar of Makhleb.
  5453 | D:7      | Reached skill level 5 in Maces & Flails
  5546 | D:7      | Found a flagged portal.
  5561 | Bailey   | Entered a bailey
  5648 | Bailey   | Found a burning altar of Makhleb.
  5660 | Bailey   | Reached skill level 7 in Shields
  5660 | Bailey   | Reached XP level 10. HP: 39/77 MP: 10/10
  5688 | Bailey   | Reached **** piety under Makhleb
  6824 | D:8      | Found a white marble altar of Elyvilon.
  7060 | D:8      | Reached skill level 8 in Shields
  7119 | D:8      | Shot with an arrow by a centaur

Illustrated notes

Levels and vault maps discovered:
D:1:      minmay_arrival_floating_metal, layout_rooms,
          nicolae_ecumenical_snake_handling
D:2:      layout_basic, kennysheep_generic_room_3
D:3:      layout_basic, zin_purify
D:4:      layout_loops_ring, mainiacjoe_overflow_divided_tiny
D:5:      layout_rooms, minmay_temple_entry_glass, uniq_crazy_yiuf_cottage,
          uniq_sigmund
D:6:      layout_loops_ring, mainiacjoe_overflow_alcove_3, uniq_duvessa,
          uniq_eustachio
D:7:      layout_gridville, enter_bailey_3, kennysheep_generic_room_6
D:8:      layout_loops_cross, elyvilon_altar_3

Skill      XL: |  1  2  3  4  5  6  7  8  9 10 |
---------------+-------------------------------+-----
Polearms       | 3 4 5 6 |  6.4
Armour         | 4 5 6 7 |  7.9
Dodging        | 1 2 3 |  3.9
Fighting       | 4 5 6 |  6.8
Shields        | 5 6 7 8 |  8.4
Stealth        | 1 |  1.0
Maces & Flails | 2 5 7 |  7.8

Action                     |  1- 3 |  4- 6 |  7- 9 | 10-12 || total
---------------------------+-------+-------+-------+-------++-------
  Melee: Trident           |    93 |       |       |       ||    93
         Spear             |     9 |   126 |   100 |       ||   235
         Mace              |       |       |   221 |   138 ||   359
 Invoke: Major Destruction |       |       |       |     1 ||     1
Ability: Dig               |       |       |       |     1 ||     1
    Use: Potion            |     1 |       |       |     1 ||     2
 Armour: Scale mail        |    76 |    65 |   181 |    16 ||   338
         Skin              |       |       |    11 |       ||    11
         Plate armour      |       |       |       |    76 ||    76
  Dodge: Dodged            |    55 |    50 |   134 |    46 ||   285
  Block: Buckler           |    32 |    24 |    78 |    27 ||   161
